Map: Dash and Terminal LE (Void)

Players

EverZtelecoM (telecom) - Winner!

  • Race: Zerg Zerg
  • League: Platinum

wzp

  • Race: Zerg Zerg
  • League: Diamond

VOD

Have the link to the VOD?

Description

Time

  • Played on: Oct. 2, 2015, 8:39 p.m.
  • Length: 7:21
Show
View Real Time Build Order
Export as new Build Order

EverZtelecoM Zerg - Winner!

Build Orders: Hatch First 

Get SALT Encoding   

  12  0:01  Drone  
  13  0:08  Drone  
  14  0:16  Overlord  
  14  0:22  Extractor  
  14  0:23  Drone  
  15  0:35  Drone x2  
  17  0:44  Drone  
  18  0:56  Hatchery  
  17  0:59  Drone  
  18  1:06  Extractor  
  17  1:14  Spawning Pool  
  17  1:16  Drone  
  17  1:20  Drone  
  18  1:27  Drone  
  19  1:37  Overlord  
  19  2:00  Queen  
  21  2:01  Zergling x4  
  21  2:05  Metabolic Boost  
  23  2:08  Queen  
  23  2:10  Zergling x2  
  23  2:12  Drone  
  27  2:18  Drone  
  27  2:20  Drone  
  29  2:26  Baneling Nest  
  29  2:29  Drone  
  29  2:31  Drone  
  30  2:40  Drone  
  30  2:43  Overlord  
  31  2:51  Zergling x2  
  32  2:55  Zergling x2  
  33  3:01  Zergling x2  
  33  3:03  Zergling x2  
  35  3:08  Zergling x2  
  35  3:09  Zergling x4  
  35  3:12  Zergling x2  
  39  3:13  Baneling x4  
  39  3:14  Baneling  
  39  3:15  Zergling x2  
  39  3:16  Zergling x4  
  39  3:17  Zergling x2  
  43  3:25  Overlord  
  43  3:26  Drone  
  43  3:41  Drone  
  43  3:43  Drone  
  43  3:44  Drone  
  44  3:49  Drone x3  
  43  3:59  Drone x2  
  43  4:00  Drone x3  
  46  4:06  Drone  
  46  4:11  Drone  
  46  4:14  Drone  
  46  4:23  Drone  
  47  4:25  Drone  
  45  4:32  Zergling x2  
  45  4:34  Spine Crawler, Queen x2  
  45  4:35  Zergling x2  
  45  4:36  Zergling x4  
  45  4:37  Spine Crawler  
  51  4:39  Zergling x2  
  51  4:42  Zergling x2, Extractor  
  51  4:43  Overlord, Extractor  
  51  4:46  Zergling x2  
  51  4:47  Roach Warren  
  51  4:48  Zergling x2  
  51  4:51  Baneling x2  
  52  4:54  Zergling x2  
  52  4:57  Zergling x2  
  50  5:00  Baneling x6  
  50  5:01  Baneling  
  50  5:02  Baneling  
  48  5:10  Drone x3  
  48  5:11  Drone  
  48  5:13  Drone  
  48  5:17  Drone x2  
  50  5:21  Drone  
  50  5:26  Drone x2  
  49  5:31  Drone x2  
  49  5:40  Hatchery  
  49  5:41  Drone x3  
  51  5:43  Drone  
  51  5:52  Overlord  
  51  5:53  Overlord  
  51  6:04  Zergling x2  
  51  6:07  Overlord  
  51  6:09  Baneling x3  
  51  6:10  Roach x2  
  56  6:13  Roach  
  56  6:14  Spine Crawler, Roach  
  56  6:15  Roach  
  56  6:17  Roach  
  61  6:20  Roach  
  61  6:23  Roach  
  61  6:25  Roach x3  
  70  6:26  Roach  
  71  6:35  Roach x3  
  74  6:41  Roach  
  74  6:45  Roach  
  75  6:50  Zergling x4  
  73  7:01  Drone  
  73  7:04  Zergling x2  
  73  7:05  Hatchery  
Show
View Real Time Build Order
Export as new Build Order

wzp Zerg 

Build Orders: Hatch First 

Get SALT Encoding   

  12  0:01  Drone  
  13  0:08  Drone  
  14  0:20  Drone, Extractor  
  14  0:22  Drone, Extractor  
  16  0:42  Hatchery  
  16  0:49  Overlord  
  15  1:05  Spawning Pool  
  15  1:08  Drone  
  15  1:10  Drone  
  16  1:14  Drone  
  17  1:19  Drone  
  17  1:23  Extractor  
  17  1:36  Drone  
  18  1:41  Drone  
  19  1:53  Queen  
  21  1:55  Drone, Queen, Zergling x2  
  25  2:06  Drone  
  26  2:09  Drone  
  27  2:18  Drone  
  28  2:25  Baneling Nest  
  28  2:27  Drone  
  28  2:35  Overlord  
  28  2:38  Overlord  
  28  2:56  Zergling x4  
  28  2:57  Drone x3  
  32  3:00  Spine Crawler  
  32  3:01  Metabolic Boost  
  31  3:05  Drone x2  
  31  3:06  Drone x3  
  31  3:08  Zergling x2  
  37  3:17  Baneling x2  
  37  3:23  Baneling  
  37  3:27  Zergling x2  
  38  3:41  Zergling x10  
  38  3:43  Baneling  
  37  4:03  Zergling x10  
  37  4:04  Zergling x2  
  41  4:10  Baneling  
  41  4:11  Baneling  
  41  4:13  Zergling x4  
  41  4:14  Zergling x2  
  39  4:28  Drone  
  39  4:29  Drone x3  
  43  4:35  Roach Warren  
  43  4:37  Overlord x2  
  43  4:38  Overlord  
  42  4:39  Overlord  
  42  4:41  Drone  
  42  4:42  Drone  
  41  5:16  Roach x5  
  41  5:17  Roach x4  
  54  5:32  Roach  
  54  5:33  Overlord x2, Roach  
  54  5:34  Zergling x6  
  59  5:48  Roach x2  
  59  5:49  Zergling x8  
  67  5:57  Zergling x4  
  67  6:02  Overlord  
  67  6:04  Drone x2  
  71  6:08  Extractor  
  70  6:29  Baneling x3  
  70  6:30  Baneling  
  70  6:31  Zergling x20  
  80  6:37  Zergling x2  
  61  6:57  Roach  
  61  6:58  Roach x2  
Tags
 
Add a new tag
Caveats
  • Supply blocks, unpowered buildings, or Contaminate may cause inaccurate times.
  • Supply counts are checked every 10 seconds.